 Seeded DCSS version 0.29.1-15-g9cfb28693d (webtiles) character file.

Game seed: 15851554773747161596 (custom seed)

107 rubashov the Magician (level 5, 37/37 HPs)
             Began as a Djinni Fire Elementalist on Mar 20, 2023.
             Quit the game on level 3 of the Dungeon on Mar 21, 2023.
             The game lasted 00:05:30 (2322 turns).

rubashov the Magician (Djinni Fire Elementalist)    Turns: 2322, Time: 00:05:31

Health: 37/37      AC:  2    Str:  7    XL:     5   Next: 11%
Gold:   163        EV: 27    Int: 18    God:
                   SH:  0    Dex: 14

rFire   + + .      SeeInvis .   h - +1 whip (elec)
rCold   x . .      Faith    .   (no shield)
rNeg    . . .      Spirit   .   a - +0 robe
rPois   ∞          Reflect  .   (no helmet)
rElec   .          Harm     .   (no cloak)
rCorr   .          Rampage  .   (no gloves)
Will    .....                   (boots unavailable)
Stlth   ++........              c - amulet of the acrobat
HPRegen 0.12/turn               (no ring)
MPRegen 0.00/turn               (no ring)

@: acrobatic, flying
A: sickness immunity, fire resistance 2, cold vulnerability 1, float, innate
caster, HP casting, extra vitality 1
a: no special abilities


You were on level 3 of the Dungeon.
You visited 1 branch of the dungeon, and saw 3 of its levels.

You collected 163 gold pieces.

Inventory:

Hand Weapons
 b - a +0 trident
 h - a +1 whip of electrocution (weapon)
 i - the +6 dagger of Indomitability {flame, rF+ rN+ rCorr Dex-5}
   (You found it on level 2 of the Dungeon)

   It burns those it strikes, dealing additional fire damage.
   Dex:       It affects your dexterity (-5).
   rF:        It protects you from fire.
   rN:        It protects you from negative energy.
   rCorr:     It protects you from acid and corrosion.
 o - the +8 hand axe "Zetiul" {freeze, Str+4}
   (You found it on level 3 of the Dungeon)

   It freezes those it strikes, dealing additional cold damage.
   It can also slow down cold-blooded creatures.
   Str:       It affects your strength (+4).
Missiles
 f - 21 stones
Armour
 a - a +0 robe (worn)
Jewellery
 c - an amulet of the acrobat (around neck)
Scrolls
 e - a scroll of enchant armour {unknown}
 g - a scroll of enchant weapon {unknown}
 l - 2 scrolls of vulnerability {unknown}
 n - a scroll of fear {unknown}
Potions
 d - a potion of ambrosia {unknown}
 j - 2 potions of curing {unknown}
 k - a potion of haste {unknown}
 m - a potion of attraction {unknown}


   Skills:
 * Level 1.4 Fighting
 - Level 2.1 Dodging
 - Level 1.5 Stealth
 - Level 4.0 Spellcasting


You couldn't memorise any spells.
You knew the following spells:

 Your Spells              Type           Power      Damage    Failure   Level
a - Foxfire               Conj/Fire      72%        2x1d7     2%          1
b - Scorch                Fire           36%        2d6       4%          2
c - Conjure Flame         Conj/Fire      18%        6-21      9%          3
d - Inner Flame           Hex/Fire       18%        N/A       9%          3
e - Flame Wave            Conj/Fire      18%        2d7       28%         4
f - Apportation           Tloc           36%        N/A       2%          1
g - Ensorcelled Hibernat  Hex/Ice        36%        N/A       4%          2
Your spell library was empty.

Dungeon Overview and Level Annotations

Branches:
Dungeon (3/15)

Altars:

Annotations:
D:3 3 runed translucent doors, hndcvy's ghost, amateur MiFi


Innate Abilities, Weirdness & Mutations

You are immune to sickness and miasma.
You are immune to poison.
Your flesh is very heat resistant. (rF++)
You are vulnerable to cold. (rC-)
You float through the air rather than walking.
You learn spells naturally, not from books.
Your magical power is your life essence.
You have superior vitality. (+4 MHP)


Message History

Flames lash the orc.
The orc is severely wounded.
The orc's fire resistance burns away.
Casting: Scorch (safe; 4% risk of failure)
Confirm with . or Enter, or press ? or * to list all spells.
Flames lash the orc.
The orc is burned terribly!
You kill the orc!
Your magical contamination has completely faded away.
Found a ring mail.
A kobold comes into view. It is wielding a +0 dagger.
The kobold shouts!
A kobold is nearby!
Found a sling.
Casting: Scorch (safe; 4% risk of failure)
Confirm with . or Enter, or press ? or * to list all spells.
Flames lash the kobold.
You kill the kobold!
Casting: Scorch (safe; 4% risk of failure)
Confirm with . or Enter, or press ? or * to list all spells.
You can't see any susceptible monsters within range! (Use Z to cast anyway.)
You now have 150 gold pieces (gained 11).
You now have 163 gold pieces (gained 13).
You see here a +0 sling.
You reach down and open the door.
Found a runed translucent gate.
Hndcvy's ghost turns its malevolent gaze towards you.
The orc shouts!
You hear a shout!
There is an open door here.
The orc shouts! x3; You hear a shout!
Found an escape hatch in the floor.
The orc shouts!
You see here the +8 hand axe "Zetiul" {freeze, Str+4}.
o - the +8 hand axe "Zetiul" {freeze, Str+4} You see here an amulet of guardian spirit.
Save game and exit?
Level annotation: 3 runed translucent doors, hndcvy's ghost, amateur MiFi Welcome back, rubashov the Djinni Fire Elementalist.
Game seed: 15851554773747161596 (custom seed) Press ? for a list of commands and other information.
Are you sure you want to abandon this character and quit the game? (Confirm with "yes".)

.....###+#.####...#.#...
....... #.# #...#.o##.
####### #.#####..#o.#8.
.. #. #.....#o.##. ###
#.#...#o.... #
#..8###### #.........
#......... #.@.......
#>........ ########.. ..
. .


You could see 3 orcs.

Vanquished Creatures
  5 adders
  A worm (D:2)
  2 orcs (D:3)
  5 bats
  5 endoplasms
  3 giant cockroaches
  4 goblins
  5 hobgoblins
  5 jackals
  6 kobolds
  7 ball pythons
  A frilled lizard (D:1)
  4 rats
53 creatures vanquished.

Vanquished Creatures (collateral kills)
  4 foxfires (D:1)
4 creatures vanquished.

Vanquished Creatures (others)
  47 foxfires
  8 plants (D:1)
55 creatures vanquished.

Grand Total: 112 creatures vanquished

Notes
Turn   | Place    | Note
-------+----------+-------------------------------------------
     0 | D:1      | rubashov the Djinni Fire Elementalist began the quest for
                  | the Orb.
     0 | D:1      | rubashov set off with the following spells memorised:
                  | Foxfire, Scorch, Conjure Flame, Inner Flame, Flame Wave.
     0 | D:1      | Reached XP level 1. HP: 15/15 MP: 0/0
   163 | D:1      | Reached XP level 2. HP: 17/21 MP: 0/0
   411 | D:1      | Reached skill level 3 in Spellcasting
   471 | D:1      | You are sucked into a shaft and drop 1 floor!
   723 | D:1      | Reached XP level 3. HP: 23/26 MP: 0/0
   723 | D:1      | Learned a level 1 spell: Apportation
   817 | D:1      | Found a faded altar of an unknown god.
  1116 | D:2      | Identified the +6 dagger of Indomitability {flame, rF+ rN+
                  | rCorr Dex-5}
  1365 | D:2      | Reached skill level 1 in Fighting
  1463 | D:2      | Reached XP level 4. HP: 30/32 MP: 0/0
  2096 | D:3      | Reached skill level 4 in Spellcasting
  2096 | D:3      | Reached XP level 5. HP: 28/37 MP: 0/0
  2096 | D:3      | Learned a level 2 spell: Ensorcelled Hibernation
  2305 | D:3      | Found a runed translucent gate.
  2305 | D:3      | Found a runed translucent gate.
  2305 | D:3      | Found a runed translucent gate.
  2307 | D:3      | Noticed hndcvy's ghost (amateur MiFi)
  2307 | D:3      | Identified the +0 chain mail "Sepeseg" {rPois rC+ Stlth+}
  2315 | D:3      | Identified the +8 hand axe "Zetiul" {freeze, Str+4}
  2322 | D:3      | Quit the game

Illustrated notes

Levels and vault maps discovered:
D:1:      evilmike_arrival_plus, layout_rooms,
          shapermc_ecumenical_altar_hornbeckon, dreamdust_wishing_well,
          serial_bayou_lagoon_a, hangedman_abyss_or_decor_lesser_grid
D:2:      layout_basic, mrwooster_statue_mirror
D:3:      layout_basic, gammafunk_temple_overflow_pools,
          biasface_ghost_orc_armoury

Skill      XL: |  1  2  3  4 |
---------------+-------------+-----
Spellcasting   | 3 4 |  4.0
Fighting       | 1 |  1.4
Dodging        | |  2.1
Stealth        | |  1.5

Action                   |  1- 3 |  4- 6 || total
-------------------------+-------+-------++-------
 Cast: Foxfire           |    29 |       ||    29
       Scorch            |    12 |    27 ||    39
Armor: Robe              |     1 |       ||     1
Dodge: Dodged            |     6 |       ||     6
